 Dungeon Crawl Stone Soup version 0.29.1-13-g9f3cf754e1 (webtiles) character file.

Game seed: 11962759249265727452

64 XudoQuotil the Ruffian (level 3, 0/30 HPs)
             Began as a Draconian Transmuter on Feb 8, 2023.
             Slain by a necrophage (1 damage)
             ... on level 6 of the Dungeon.
             The game lasted 00:21:36 (1534 turns).

XudoQuotil the Ruffian (Draconian Transmuter)       Turns: 1534, Time: 00:21:36

Health: 0/30       AC:  5    Str: 13    XL:     3   Next: 91%
Magic:  5/6        EV: 12    Int: 12    God:
Gold:   86         SH:  0    Dex: 15    Spells: 6/7 levels left

rFire   . . .      SeeInvis .   k - +0 short sword
rCold   . . .      Faith    .   (no shield)
rNeg    . . .      Spirit   .   (body armour unavailable)
rPois   .          Reflect  .   (helmet currently unavailable)
rElec   .          Harm     .   (no cloak)
rCorr   .          Rampage  .   (no gloves)
Will    .....                   (boots currently unavailable)
Stlth   +.........              (no amulet)
HPRegen 0.10/turn               (no ring)
MPRegen 0.10/turn               (no ring)

@: appendages (expiring)
A: horns 2, talons 2, AC +5, unfitting armour, cold-blooded, agile 1, low MP 1,
robust 1
a: End Transformation


You were on level 6 of the Dungeon.
You had temporarily grown beastly horns and talons.
You visited 1 branch of the dungeon, and saw 4 of its levels.

You collected 86 gold pieces.

Inventory:

Hand Weapons
 c - a +0 dagger
 k - a +0 short sword (weapon)
 l - a +0 club
 n - a +0 short sword
 o - a +0 short sword
 t - a +0 club
 v - a +0 dagger
 x - a +0 short sword
 y - a +0 rapier
 z - a +0 short sword
 B - a +0 hand axe
 C - a +0 spear
 E - a +0 club
Missiles
 h - 5 poisoned darts
 i - 8 stones
 j - 6 javelins
 m - 2 throwing nets
Armour
 g - a +0 robe
 A - a +0 robe
 D - a +0 robe
 F - a +0 leather armour
Scrolls
 p - a scroll of poison {unknown}
 q - a scroll of enchant weapon {unknown}
 w - a scroll of noise {unknown}
Potions
 a - a potion of lignification
 b - a potion of attraction {unknown}
 d - a potion of brilliance {unknown}
 e - a potion of curing {unknown}
 s - a potion of might {unknown}
 u - a potion of invisibility {unknown}


   Skills:
 + Level 1.3 Fighting
 + Level 0.2 Short Blades
 + Level 2.2 Dodging
 + Level 0.2 Stealth
 + Level 3.8 Unarmed Combat
 + Level 2.5 Spellcasting
 + Level 2.2 Transmutations


You had 6 spell levels left.
You knew the following spells:

 Your Spells              Type           Power      Damage    Failure   Level
a - Beastly Appendage     Tmut           12%        N/A       11%         1

Your spell library contained the following spells:

 Spells                   Type           Power      Damage    Failure   Level
 Wereblood                Tmut           6%         N/A       16%         2
 Spider Form              Tmut/Pois      4%         N/A       43%         3
 Ice Form                 Ice/Tmut       4%         N/A       85%         4


Dungeon Overview and Level Annotations

Branches:
Dungeon (6/15)
 Temple: D:4-7

Altars:


Innate Abilities, Weirdness & Mutations

You have temporarily grown beastly horns and talons.
Your plain brown scales are hard. (AC +5)
You cannot fit into any form of body armour.
You are cold-blooded and may be slowed by cold attacks.
You are agile. (Dex +4, Str/Int -1)
Your magical capacity is low. (-10% MP)
You are robust. (+10% HP)


Message History

An iguana comes into view.
The iguana hisses angrily.
An ice beast comes into view.
You miscast Beastly Appendage.
You are very lightly contaminated with residual magic.
Nothing appears to happen.
You grow a pair of large bovine horns.
Your feet morph into talons.
A necrophage comes into view.
Found 5 gold pieces.
Your transformation is almost over.
The iguana bites you but does no damage.
You barely miss the iguana.
You headbutt the iguana, but do no damage.
The iguana bites you!
You barely miss the iguana. You claw the iguana.
The iguana is lightly wounded.
The iguana barely misses you.
You closely miss the iguana. You claw the iguana, but do no damage.
You headbutt the iguana.
The iguana is moderately wounded.
The iguana barely misses you. The iguana closely misses you.
Your magical contamination has completely faded away.
The necrophage misses you. The ice beast hits you. The ice beast freezes you!
* * * LOW HITPOINT WARNING * * *
The iguana bites you.
* * * LOW HITPOINT WARNING * * *
The necrophage closely misses you. The ice beast attacks as you move away!
The ice beast hits you but does no damage.
A scorpion comes into view.
The necrophage attacks as you move away!
The necrophage barely misses you. The iguana attacks as you move away!
The iguana barely misses you.
A phantom comes into view.
The iguana attacks as you move away! The iguana closely misses you.
The iguana attacks as you move away! The iguana barely misses you.
The necrophage attacks as you move away!
The necrophage hits you.
You die...

. ###### #.
#....#######
##.###.##.##....#
.............# .#
#...........#..#
.#..###.#.....#
#.$.@nY......#
##...l..........#
......#.#......#..#
##+#s.#...###..# ..
.....<.## .... #
........# #...#
.........# ....
.W.......# ...


You could see an ice beast, a necrophage, a phantom (dormant), a scorpion and an
iguana.

Vanquished Creatures
  2 adders (D:2)
  A gnoll (D:1)
  A worm (D:2)
  3 dart slugs
  An orc (D:3)
  An endoplasm (D:1)
  A giant cockroach (D:1)
  2 goblins (D:2)
  2 hobgoblins (D:1)
  A quokka (D:1)
  4 ball pythons
  3 bats
  A frilled lizard (D:2)
  4 kobolds
  A rat (D:1)
28 creatures vanquished.

Vanquished Creatures (others)
  A jackal (D:3)
  2 demonic plants (D:1)
3 creatures vanquished.

Grand Total: 31 creatures vanquished

Notes
Turn   | Place    | Note
-------+----------+-------------------------------------------
     0 | D:1      | XudoQuotil the Draconian Transmuter began the quest for the
                  | Orb.
     0 | D:1      | Reached XP level 1. HP: 16/16 MP: 3/3
   228 | D:1      | Reached XP level 2. HP: 10/23 MP: 3/5
   425 | D:1      | Found a faded altar of an unknown god.
   844 | D:2      | Reached XP level 3. HP: 27/28 MP: 4/6
  1450 | D:3      | Gained mutation: Your body sometimes deteriorates upon
                  | taking damage. [potion of mutation]
  1450 | D:3      | Lost mutation: Your body sometimes deteriorates upon taking
                  | damage. [potion of mutation]
  1450 | D:3      | Gained mutation: Your tail ends in a venomous barb. [potion
                  | of mutation]
  1452 | D:3      | Lost mutation: Your tail ends in a venomous barb. [potion
                  | of mutation]
  1452 | D:3      | Gained mutation: You occasionally shout uncontrollably at
                  | your foes. [potion of mutation]
  1453 | D:3      | Lost mutation: You occasionally shout uncontrollably at
                  | your foes. [potion of mutation]
  1453 | D:3      | Gained mutation: Your magical capacity is low. (-10% MP)
                  | [potion of mutation]
  1453 | D:3      | Gained mutation: You are robust. (+10% HP) [potion of
                  | mutation]
  1453 | D:3      | Gained mutation: You are agile. (Dex +4, Str/Int -1)
                  | [potion of mutation]
  1518 | D:3      | You fall into a shaft and drop 3 floors!
  1520 | D:6      | Noticed an ice beast
  1524 | D:6      | Noticed a necrophage
  1529 | D:6      | HP: 1/30 [iguana (6)]
  1531 | D:6      | Noticed a scorpion
  1532 | D:6      | Noticed a phantom
  1534 | D:6      | Slain by a necrophage

Illustrated notes

Levels and vault maps discovered:
D:1:      dpeg_arrival_radiant, layout_basic,
          dreamdust_ecumenical_altar_sealed_demon
D:2:      layout_loops_ring
D:3:      layout_basic, nicolae_kikubaaqudgha_miasma_corner,
          gammafunk_ghost_split, minmay_curled_crystal
D:6:      layout_basic, nicolae_stop_n_shop_2, uniq_grinder, uniq_eustachio,
          uniq_edmund

Skill      XL: |  1  2 |
---------------+-------+-----
Dodging        | 2 |  2.2
Fighting       | |  1.3
Short Blades   | |  0.2
Stealth        | |  0.2
Unarmed Combat | |  3.8
Spellcasting   | |  2.5
Transmutations | |  2.2

Action                   || total
-------------------------++-------
Melee: Unarmed           ||    32
       Kick              ||    15
       Headbutt          ||    11
       Dagger            ||    77
       Tailslap          ||    14
       Short sword       ||     3
       Punch             ||     1
 Cast: Beastly Appendage ||    14
  Use: Scroll            ||     1
       Potion            ||     4
 Stab: Sleeping          ||     1
Armor: Skin              ||    33
Dodge: Dodged            ||    98
